 Dungeon Crawl Stone Soup version 0.25.1-2-g60ff931df9 (webtiles) character file.

Game seed: 5542678421515859749

86 miket3c the Firebug (level 4, -1/34 HPs)
             Began as a Draconian Fire Elementalist on Sept 30, 2020.
             Slain by Grinder (5 damage)
             ... while paralysed by Grinder
             ... on level 3 of the Dungeon on Oct 1, 2020.
             The game lasted 00:10:59 (2958 turns).

miket3c the Firebug (Draconian Fire Elementalist)   Turns: 2958, Time: 00:11:00

Health: -1/34      AC:  6    Str: 10    XL:     4   Next: 26%
Magic:  7/7        EV:  2    Int: 17    God:
Gold:   106        SH:  0    Dex: 11    Spells: 7/8 levels left

rFire    . . .     SeeInvis .   f - +0 dagger
rCold    . . .     Gourm    .   (no shield)
rNeg     . . .     Faith    .   (armour unavailable)
rPois    .         Spirit   .   (helmet restricted)
rElec    .         Reflect  .   (no cloak)
rCorr    .         Harm     .   e - +0 pair of gloves
MR       .....                  (no boots)
Stlth    ++........             (no amulet)
HPRegen  0.11/turn              (no ring)
MPRegen  0.10/turn              (no ring)

@: paralysed
A: unfitting armour, cold-blooded, AC +5
a: no special abilities


You were on level 3 of the Dungeon.
You were not hungry.

You visited 1 branch of the dungeon, and saw 3 of its levels.

You collected 106 gold pieces.

Inventory:

Hand Weapons
 f - a +0 dagger (weapon)
 p - a cursed -1 spear
Missiles
 a - 51 stones (quivered)
 o - 40 poisoned darts
Armour
 e - a +0 pair of gloves (worn)
Jewellery
 d - an uncursed ring of flight {unknown}
Scrolls
 c - a scroll of enchant armour {unknown}
 g - a scroll of immolation {unknown}
 i - a scroll of identify {unknown}
 n - a scroll of fear {unknown}
Potions
 h - a potion of flight {unknown}
 j - a potion of ambrosia {unknown}
 k - a potion of mutation {unknown}
 m - a potion of haste {unknown}
 q - 2 potions of brilliance {unknown}
 r - a potion of curing {unknown}
Comestibles
 b - 4 rations
 l - 4 chunks of flesh


   Skills:
 + Level 0.9 Fighting
 + Level 2.0 Dodging
 + Level 2.4 Stealth
 + Level 2.5 Spellcasting
 * Level 2.0 Conjurations
 + Level 3.7 Fire Magic


You had 7 spell levels left.
You knew the following spells:

 Your Spells              Type           Power        Failure   Level  Hunger
a - Foxfire               Conj/Fire      ##..         6%          1    #......

Your spell library contained the following spells:

 Spells                   Type           Power        Failure   Level  Hunger
 Conjure Flame            Conj/Fire      ##......     17%         3    ###....
 Inner Flame              Hex/Fire       #.......     26%         3    ###....
 Sticky Flame             Conj/Fire      ##......     50%         4    #####..
 Fireball                 Conj/Fire      ##........   85%         5    ######.


Dungeon Overview and Level Annotations

Branches:
Dungeon (3/15)

Altars:

Annotations:
D:3 Grinder


Innate Abilities, Weirdness & Mutations

Your plain brown scales are hard. (AC +5)
You cannot fit into any form of body armour.
You are cold-blooded and may be slowed by cold attacks.


Message History

Found 16 poisoned darts and a sapphire potion.
o - 40 poisoned darts (gained 16)
r - a sapphire potion Grinder comes into view.
Found 4 gold pieces.
Grinder shouts!
Grinder gestures at you. Pain shoots through your body!
Grinder says, "Mostly I couldn't keep them alive."
There is an open door here.
Grinder gestures at you.
You suddenly lose the ability to move!
Grinder says, "My boss said I was rubbish.
His entrails said otherwise."
Grinder blinks!
Grinder hits you!
You writhe in agony.
Grinder hits you but does no damage. Grinder hits you!
* * * LOW HITPOINT WARNING * * *
You writhe in agony.
You die...

#......#..#
#..........
#....####..
#..).# #....#
#....# #....#
#....# #.@5.#
#....# #....#
###### ##'###
#....# #.#
#.##.#
#.#######.##.#
#.....5...##.#
############.#
#5#


You could see Grinder.

Vanquished Creatures
  4 adders (D:2)
  An ooze (D:2)
  2 worms (D:3)
  A dart slug (D:2)
  An orc (D:3)
  A giant cockroach (D:1)
  6 goblins
  7 hobgoblins
  3 jackals (D:1)
  2 bats
  5 frilled lizards
  4 kobolds
  3 rats
40 creatures vanquished.

Vanquished Creatures (others)
  109 foxfires
109 creatures vanquished.

Grand Total: 149 creatures vanquished

Notes
Turn   | Place    | Note
-------+----------+-------------------------------------------
     0 | D:1      | miket3c the Draconian Fire Elementalist began the quest for
                  | the Orb.
     0 | D:1      | Reached XP level 1. HP: 14/14 MP: 3/3
   306 | D:1      | Reached XP level 2. HP: 20/20 MP: 1/5
  1211 | D:2      | Reached XP level 3. HP: 21/26 MP: 1/6
  2281 | D:2      | Reached XP level 4. HP: 31/34 MP: 2/7
  2917 | D:3      | Noticed Grinder
  2952 | D:3      | Paralysed by Grinder for 7 turns
  2958 | D:3      | Slain by Grinder

Illustrated notes

Levels and vault maps discovered:
D:1:      minmay_arrival_arboretum_small, layout_basic
D:2:      layout_basic
D:3:      layout_basic, gammafunk_temple_overflow_elements,
          hangedman_decor_lopped, uniq_grinder

Skill      XL: |  1  2  3  4 |
---------------+-------------+-----
Stealth        | 2 |  2.4
Dodging        | 2 |  2.0
Conjurations   | 2 |  2.0
Fighting       | |  0.9
Spellcasting   | |  2.5
Fire Magic     | |  3.7

Action                   |  1- 3 |  4- 6 || total
-------------------------+-------+-------++-------
Melee: Unarmed           |     2 |       ||     2
       Tailslap          |     1 |       ||     1
       Dagger            |     8 |     2 ||    10
Throw: Stone             |     2 |       ||     2
 Cast: Foxfire           |    58 |    16 ||    74
 Stab: Sleeping          |     1 |       ||     1
  Eat: Chunk             |     4 |     3 ||     7
Armor: Skin              |    32 |     2 ||    34
Dodge: Dodged            |    47 |     2 ||    49
